 Dungeon Crawl Stone Soup version 0.30.1-4-g462c640d31 (webtiles) character file.

Game seed: 13491096152565569960

29 Bobit the Chopper (level 3, 0/22 (31) HPs)
             Began as a Gnoll Reaver on Aug 13, 2023.
             Slain by a quokka (3 damage)
             ... on level 2 of the Dungeon.
             The game lasted 00:02:03 (840 turns).

Bobit the Chopper (Gnoll Reaver)                     Turns: 840, Time: 00:02:04

HP:   0/22 (31)     AC:  3    Str: 11    XL:     3   Next: 16%
MP:   1/9           EV: 13    Int: 14    God:
Gold: 69            SH:  0    Dex: 16    Spells: 9/12 levels left

rFire   . . .        f - staff of conjuration
rCold   . . .        (no shield)
rNeg    . . .        b - +0 leather armour
rPois   .            (no helmet)
rElec   .            (no cloak)
rCorr   .            (no gloves)
SInv    .            (no boots)
Will    .....        (no amulet)
Stlth   +            c - +6 ring of dexterity
HPRegen 0.23/turn    (no ring)
MPRegen 0.11/turn

%: no passive effects
@: very heavily drained
A: fangs 1, strong nose, distributed training
a: no special abilities


You were on level 2 of the Dungeon.
You visited 1 branch of the dungeon, and saw 2 of its levels.

You collected 69 gold pieces.

Inventory:

Hand Weapons
 a - a +0 hand axe
Armour
 b - a +0 leather armour (worn)
Magical Staves
 f - a staff of conjuration (weapon)
Jewellery
 c - a +6 ring of dexterity (left hand)
Scrolls
 d - a scroll of identify {unknown}
 e - a scroll of teleportation {unknown}
 i - a scroll of fog {unknown}
 j - a scroll of blinking {unknown}
Potions
 g - a potion of magic {unknown}
 h - a potion of lignification {unknown}
 k - a potion of attraction {unknown}


   Skills:
 + Level 4.5 Fighting
 + Level 0.7 Short Blades
 + Level 0.7 Long Blades
 + Level 6.5 Axes
 + Level 0.7 Maces & Flails
 + Level 0.7 Polearms
 + Level 0.7 Staves
 + Level 0.7 Ranged Weapons
 + Level 0.7 Throwing
 + Level 0.7 Armour
 + Level 4.5 Dodging
 + Level 0.7 Stealth
 + Level 0.7 Shields
 + Level 0.7 Unarmed Combat
 + Level 5.0 Spellcasting
 + Level 5.4 Conjurations
 + Level 0.5 Hexes
 + Level 0.5 Summonings
 + Level 0.5 Necromancy
 + Level 0.5 Translocations
 + Level 0.5 Transmutations
 + Level 0.5 Fire Magic
 + Level 0.5 Ice Magic
 + Level 0.5 Air Magic
 + Level 0.5 Earth Magic
 + Level 0.5 Poison Magic
 + Level 0.9 Invocations
 + Level 0.7 Evocations


You had 9 spell levels left.
You knew the following spells:

 Your Spells              Type           Power      Damage    Failure   Level
a - Kiss of Death         Conj/Necr      68%        2d10      7%          1
b - Momentum Strike       Conj/Tloc      34%        3d8       11%         2

Your spell library contained the following spells:

 Spells                   Type           Power      Damage    Failure   Level
 Hailstorm                Conj/Ice       17%        3d6       21%         3


Dungeon Overview and Level Annotations

Branches:
Dungeon (2/15)

Altars:


Innate Abilities, Weirdness & Mutations

You have very sharp teeth.
Your uncanny sense of smell can sniff out nearby items.
Your experience applies equally to all skills.


Message History

You escape the ball python's grasp.
The kobold attacks as you move away! The kobold hits you but does no damage.
The quokka attacks as you move away! The quokka barely misses you.
The quokka bites you.
* * * LOW HITPOINT WARNING * * *
Casting: Kiss of Death (safe; 7% risk of failure)
Confirm with . or Enter, or press ? or * to list all spells.
Aiming: Momentum Strike (safe; 11% risk of failure)
Press: ? - help, Dir - move target, f - quokka
Aim: a quokka (60% to hit)
You feel a surge of power!
The concentrated momentum misses the quokka.
The quokka bites you.
* * * LOW HITPOINT WARNING * * *
Casting: Momentum Strike (safe; 11% risk of failure)
Confirm with . or Enter, or press ? or * to list all spells.
Aiming: Momentum Strike (safe; 11% risk of failure)
Press: ? - help, Dir - move target, f/p - quokka
Aim: a quokka (60% to hit)
You feel a surge of power!
The concentrated momentum misses the quokka.
The quokka barely misses you.
Unknown command.
Casting: Momentum Strike (safe; 11% risk of failure)
Confirm with . or Enter, or press ? or * to list all spells.
Aiming: Momentum Strike (safe; 11% risk of failure)
Press: ? - help, Dir - move target, f/p - quokka
Aim: a quokka (60% to hit)
You feel a surge of power!
The concentrated momentum misses the quokka.
The quokka barely misses you.
Casting: Momentum Strike (safe; 11% risk of failure)
Confirm with . or Enter, or press ? or * to list all spells.
Aiming: Momentum Strike (safe; 11% risk of failure)
Press: ? - help, Dir - move target, f/p - quokka
Aim: a quokka (60% to hit)
You feel a surge of power!
The concentrated momentum misses the quokka.
The quokka bites you.
You die...

### . #<# .#
#.#. ..#
#.#.#####..#∆
#.#..#.....#
#.#.J....?#
#.####.#
#.#.rKJ#
###.#@#.##
#...#†#...∆
#.#.#.#####
#...#.#
###.#.# #...#
##### ∆


You could see an endoplasm, a quokka and a kobold.

Vanquished Creatures
  An endoplasm (D:1)
  4 giant cockroaches (D:1)
  4 goblins (D:1)
  3 hobgoblins (D:1)
  5 ball pythons
  3 bats (D:1)
  2 frilled lizards (D:1)
  2 kobolds (D:1)
  3 rats (D:1)
27 creatures vanquished.

Notes
Turn   | Place    | Note
-------+----------+-------------------------------------------
     0 | D:1      | Bobit the Gnoll Reaver began the quest for the Orb.
     0 | D:1      | Reached XP level 1. HP: 20/20 MP: 6/6
   193 | D:1      | Reached XP level 2. HP: 22/26 MP: 7/7
   350 | D:1      | Learned a level 2 spell: Momentum Strike
   528 | D:1      | Reached skill level 5 in Spellcasting
   528 | D:1      | Reached XP level 3. HP: 17/22 MP: 7/9
   840 | D:2      | Slain by a quokka

Illustrated notes

Levels and vault maps discovered:
D:1:      minmay_arrival_solitary_statue, layout_basic,
          minmay_misc_feat_enclosed
D:2:      cheibrodos_old_hovel, layout_basic, ebering_ecumenical_altar_rust,
          serial_shops, shop, minmay_pentomino_t4, uniq_natasha

Skill      XL: |  1  2 |
---------------+-------+-----
Spellcasting   | 5 |  5.0
Fighting       | |  4.5
Short Blades   | |  0.7
Long Blades    | |  0.7
Axes           | |  6.5
Maces & Flails | |  0.7
Polearms       | |  0.7
Staves         | |  0.7
Ranged Weapons | |  0.7
Throwing       | |  0.7
Armour         | |  0.7
Dodging        | |  4.5
Stealth        | |  0.7
Shields        | |  0.7
Unarmed Combat | |  0.7
Conjurations   | |  5.4
Hexes          | |  0.5
Summonings     | |  0.5
Necromancy     | |  0.5
Translocations | |  0.5
Transmutations | |  0.5
Fire Magic     | |  0.5
Ice Magic      | |  0.5
Air Magic      | |  0.5
Earth Magic    | |  0.5
Poison Magic   | |  0.5
Invocations    | |  0.9
Evocations     | |  0.7

Action                     || total
---------------------------++-------
  Melee: Hand axe          ||    42
         Bite              ||     8
         Staff             ||    38
         Punch             ||     1
   Cast: Kiss of Death     ||     2
         Momentum Strike   ||     4
   Stab: Sleeping          ||     1
 Armour: Leather armour    ||    25
  Dodge: Dodged            ||    54
